 Dungeon Crawl Stone Soup version 0.10.4 character file.

328 RandomTiles the Cutter (level 6, -2/48 HPs)
             Began as a Human Fighter on Jan 31, 2021.
             Slain by a scorpion (4 damage)
             ... on Level 3 of the Dungeon.
             The game lasted 00:17:56 (4153 turns).

RandomTiles the Cutter (Human Fighter)              Turns: 4153, Time: 00:17:56

HP  -2/48        AC  6     Str 19      XL: 6   Next:  2%
MP   5/5         EV  7     Int  8      God:
Gold 137         SH 18     Dex 12      Spells:  0 memorised,  5 levels left

Res.Fire  : . . .   See Invis. : .   a - +2,+0 elf falchion
Res.Cold  : . . .   Warding    : . . b - +0 scale mail
Life Prot.: . . .   Conserve   : .   c - +0 shield
Res.Acid. : . . .   Res.Corr.  : .   (no helmet)
Res.Poison: .       Clarity    : .   (no cloak)
Res.Elec. : .       Spirit.Shd : .   (no gloves)
Sust.Abil.: + .     Stasis     : .   (no boots)
Res.Mut.  : .       Ctrl.Telep.: .   (no amulet)
Res.Rott. : .       Levitation : .   Q - ring of sustain abilities
Saprovore : . . .   Ctrl.Flight: .   e - +2 ring of evasion

@: quite poisoned, slightly resistant to hostile enchantments, extremely
unstealthy
A: no striking features
a: no special abilities


You were on level 3 of the Dungeon.
You were not hungry.

You visited 1 branch of the dungeon, and saw 4 of its levels.

You collected 117 gold pieces.

Inventory:

Hand weapons
 a - a +2,+0 elven falchion (weapon)
 r - a +2,+1 dagger of speed
 x - a +0,+0 short sword
 B - a +2,+1 dagger of protection
 I - a +2,+0 elven dagger
Missiles
 f - 7 +0 darts
 k - 3 +2 darts of dispersal
 q - 3 exploding +0 darts (quivered)
 H - 25 poisoned +0 needles
Armour
 b - a +0 scale mail (worn)
 c - a +0 shield (worn)
Magical devices
 G - a wand of enslavement (4)
Comestibles
 d - 4 bread rations
 A - a meat ration
 F - 5 strawberries
Scrolls
 g - 3 scrolls of recharging
 j - a scroll of curse armour {unknown}
 m - 3 scrolls of remove curse
 n - a scroll of curse weapon
 o - a scroll of magic mapping
 p - 2 scrolls of amnesia
 t - a scroll of detect curse {unknown}
 u - a scroll of enchant armour {unknown}
 v - a scroll of blinking {unknown}
 D - 2 scrolls of fear {unknown}
 N - a scroll of teleportation {unknown}
Jewellery
 e - a +2 ring of evasion (left hand)
 L - an uncursed ring of fire
 Q - a ring of sustain abilities (right hand)
Potions
 h - a potion of slowing
 i - 4 potions of curing
 l - a potion of degeneration
 w - 2 potions of heal wounds
 z - a potion of agility {unknown}
 C - a potion of might {unknown}
 E - a potion of levitation {unknown}
 J - a potion of speed {unknown}
 K - 2 potions of cure mutation {unknown}
Carrion
 y - an adder skeleton


   Skills:
 - Level 3.0 Fighting
 - Level 4.5 Short Blades
 + Level 4.5 Long Blades
 - Level 3.1 Armour
 - Level 3.0 Shields


You had 5 spell levels left.
You didn't know any spells.

Dungeon Overview and Level Annotations

Branches:
Dungeon (4/27)
 Temple: D:4-7

Altars:


Message History

Press: ? - help, Shift-Dir - straight line, f/p - scorpion
Aim: a scorpion (almost dead)
You throw an exploding dart. The exploding dart misses the scorpion.
The exploding dart explodes!
* * * LOW HITPOINT WARNING * * *
You feel sick.
You feel a little better.
Throwing (i - inventory. (,) - cycle):
q - 4 exploding darts (quivered)
Press: ? - help, Shift-Dir - straight line, f/p - scorpion
Aim: a scorpion (almost dead)
You throw an exploding dart. The exploding dart misses the scorpion.
The exploding dart explodes!
* * * LOW HITPOINT WARNING * * *
You feel sick.
Unknown command.
You hit the scorpion but do no damage.
The scorpion is almost dead.
* * * LOW HITPOINT WARNING * * *
You feel sick. The scorpion stings you.
You die...

### #># #@#
######### #s#
#.......# #%#
#.......# #.#
#.......# #.#
#.......########.#
#...............(#
#.......########(#
#.......# #(#


You could see a scorpion.

Vanquished Creatures
  A scorpion (D:4)
  Ijyb (D:2)
  Jessica (D:2)
  3 adders
  A giant mite (D:3)
  A worm (D:3)
  A giant eyeball (D:4)
  An ooze (D:1)
  6 giant geckos
  3 orcs
  7 hobgoblins
  6 jackals
  2 quokkas (D:3)
  A ball python (D:3)
  12 bats
  A giant cockroach (D:1)
  A giant newt (D:1)
  9 goblins
  17 kobolds
  7 rats
  A toadstool (D:3)
83 creatures vanquished.

Vanquished Creatures (collateral kills)
  An adder (D:3)
1 creature vanquished.

Vanquished Creatures (others)
  A rat (D:4)
  4 toadstools (D:3)
5 creatures vanquished.

Grand Total: 89 creatures vanquished

Notes
Turn   | Place    | Note
--------------------------------------------------------------
     0 | D:1      | RandomTiles, the Human Fighter, began the quest for the Orb.
     0 | D:1      | Reached XP level 1. HP: 18/18 MP: 0/0
   302 | D:1      | Reached XP level 2. HP: 24/24 MP: 1/1
  1028 | D:1      | dang
  1045 | D:1      | Reached XP level 3. HP: 30/30 MP: 2/2
  1164 | D:2      | Noticed Jessica
  1165 | D:2      | dang
  1173 | D:2      | Killed Jessica
  1173 | D:2      | Reached skill level 4 in Short Blades
  1192 | D:2      | Noticed Ijyb
  1193 | D:2      | hi
  1238 | D:2      | Killed Ijyb
  1238 | D:2      | Reached XP level 4. HP: 33/36 MP: 3/3
  1351 | D:2      | Noticed an orc warrior
  1352 | D:2      | oh no
  1401 | D:2      | bye
  1515 | D:2      | Reached skill level 1 in Long Blades
  2587 | D:3      | Reached XP level 5. HP: 41/41 MP: 4/4
  2803 | D:2      | ouch!
  3160 | D:3      | oh no
  3191 | D:3      | gosh darn it
  3313 | D:4      | Paralysed by a giant eyeball for 4 turns
  3373 | D:4      | snozz!!!
  4143 | D:3      | Reached XP level 6. HP: 11/48 MP: 5/5
  4153 | D:3      | HP: 2/48 [poisoned by a giant mite]
  4153 | D:3      | Slain by a scorpion
